 Dungeon Crawl Stone Soup version 0.31.0-32-g396128a36d (webtiles) character file.

Game seed: 3464293136362369098

51 PaiMei the Grave Robber (level 3, 0/24 HPs)
             Began as a Demonspawn Necromancer on Apr 25, 2024.
             Slain by a quokka (3 damage)
             ... on level 2 of the Dungeon.
             The game lasted 00:01:43 (1170 turns).

PaiMei the Grave Robber (Demonspawn Necromancer)    Turns: 1170, Time: 00:01:44

Health: 0/24       AC:  2    Str: 10    XL:     3   Next: 57%
Magic:  0/6        EV: 12    Int: 17    God:
Gold:   61         SH:  0    Dex: 13    Spells: 2/6 levels left

rFire   . . .        t - +1 dagger of Hepliaklqana, Stopping {heavy, +Blink Str+2}
rCold   . . .        (no shield)
rNeg    . . .        a - +0 robe
rPois   .            (helmet restricted)
rElec   .            (no cloak)
rCorr   +            (no gloves)
SInv    .            (no boots)
Will    .....        (no amulet)
Stlth   ++           d - ring of wizardry
HPRegen 0.24/turn    k - ring of resist corrosion
MPRegen 0.10/turn

%: wizardry (x1)
@: lethally poisoned (0 -> 0)
A: antennae 1
a: Evoke Blink


You were on level 2 of the Dungeon.
You visited 1 branch of the dungeon, and saw 2 of its levels.

You collected 61 gold pieces.

Inventory:

Hand Weapons
 c - a +0 war axe
 t - the +1 dagger of Hepliaklqana, Stopping (weapon) {heavy, +Blink Str+2}
   (You found it on level 2 of the Dungeon)

   Str+2:     It affects your strength (+2).
   +Blink:    It lets you blink.
Missiles
 h - 4 poisoned darts (quivered)
 m - 5 javelins
 o - 5 silver javelins
Armour
 a - a +0 robe (worn)
 g - a +0 helmet
Jewellery
 d - a ring of wizardry (left hand)
 k - a ring of resist corrosion (right hand)
Scrolls
 e - a scroll of teleportation {unknown}
 i - a scroll of revelation {unknown}
 j - 3 scrolls of identify {unknown}
 l - a scroll of vulnerability {unknown}
 n - a scroll of amnesia {unknown}
 r - a scroll of noise {unknown}
Potions
 b - a potion of magic
 f - a potion of brilliance {unknown}
 p - a potion of attraction {unknown}
 q - a potion of resistance {unknown}
 s - a potion of haste {unknown}


   Skills:
 + Level 2.3 Dodging
 + Level 2.4 Stealth
 + Level 2.4 Spellcasting
 + Level 4.8 Necromancy


You had 2 spell levels left.
You knew the following spells:

 Your Spells              Type           Power      Damage    Failure   Level
a - Necrotise             Necr           72%        1d7       1%          1
b - Vampiric Draining     Necr           18%        2d7       3%          3

Your spell library contained the following spells:

 Spells                   Type           Power      Damage    Failure   Level
 Animate Dead             Necr           18%        N/A       11%         4
 Curse of Agony           Necr           18%        N/A       26%         5


Dungeon Overview and Level Annotations

Branches:
Dungeon (2/15)

Altars:


Innate Abilities, Weirdness & Mutations

You have a pair of small antennae on your head.


Message History

You are more poisoned.
The adder poisons you!
The quokka twitches its whiskers.
The quokka barely misses you. The adder bites you.
The quokka barely misses you.
Casting: Necrotise (safe; 1% risk of failure)
Confirm with . or Enter, or press ? or * to list all spells.
You don't have enough magic to cast this spell.
You hit the adder.
The adder is heavily wounded.
You feel very sick. The adder bites you but does no damage.
The quokka closely misses you. The adder bites you but does no damage.
The quokka misses you.
Casting: Necrotise (safe; 1% risk of failure)
Confirm with . or Enter, or press ? or * to list all spells.
You don't have enough magic to cast this spell.
You puncture the adder!
You kill the adder!
You feel sick. The quokka closely misses you. x2
Casting: Necrotise (safe; 1% risk of failure)
Confirm with . or Enter, or press ? or * to list all spells.
Aiming: Necrotise (safe; 1% risk of failure)
Press: ? - help, Shift-Dir - straight line, f/p - quokka
Aim: a quokka (heavily wounded, chance to affect: 88%)
The quokka writhes in agony.
You feel sick. The quokka completely misses you.
You feel sick. The quokka completely misses you.
You see here an adder corpse.
Casting: Necrotise (safe; 1% risk of failure)
Confirm with . or Enter, or press ? or * to list all spells.
You don't have enough magic to cast this spell.
Casting: Necrotise (safe; 1% risk of failure)
Confirm with . or Enter, or press ? or * to list all spells.
You don't have enough magic to cast this spell.
Casting: Necrotise (safe; 1% risk of failure)
Confirm with . or Enter, or press ? or * to list all spells.
You don't have enough magic to cast this spell.
You barely miss the quokka.
The quokka is almost dead.
You feel sick. The quokka bites you.
You die...

#..........#
#..........##
#............
#..........# .
#..........#
#.#..........#
#............#.
#..r@.PP....
##.#..♣.....
#...........
#######.#....... #
##.......###.....
..#............>...$.
#................>...
.#................
...#.
#.......###..#..
#..#.


You could see a quokka.

Vanquished Creatures
  An adder (D:2)
  A ribbon worm (D:2)
  A dart slug (D:2)
  A ball python (D:1)
  6 bats (D:1)
  4 endoplasms (D:1)
  2 giant cockroaches (D:1)
  3 goblins (D:1)
  A hobgoblin (D:2)
  2 quokkas
  2 frilled lizards
  5 kobolds (D:1)
  2 rats (D:1)
31 creatures vanquished.

Vanquished Creatures (collateral kills)
  A quokka (D:1)
  A frilled lizard (D:1)
2 creatures vanquished.

Grand Total: 33 creatures vanquished

Notes
Turn   | Place    | Note
-------+----------+-------------------------------------------
     0 | D:1      | PaiMei the Demonspawn Necromancer began the quest for the
                  | Orb.
     0 | D:1      | Reached XP level 1. HP: 13/13 MP: 3/3
   187 | D:1      | Gained mutation: You have a pair of small antennae on your
                  | head. [demonic ancestry]
   187 | D:1      | Reached XP level 2. HP: 15/19 MP: 1/5
   740 | D:1      | You fall into a shaft and drop 1 floor!
   755 | D:2      | Found a faded altar of an unknown god.
   781 | D:1      | Reached XP level 3. HP: 23/24 MP: 2/6
   785 | D:1      | Learned a level 3 spell: Vampiric Draining
  1141 | D:2      | Identified the +1 dagger of Hepliaklqana, Stopping {heavy,
                  | +Blink Str+2}
  1170 | D:2      | Slain by a quokka

Illustrated notes

Levels and vault maps discovered:
D:1:      ebering_trefoil_twist, layout_loops_ring
D:2:      layout_rooms, nicolae_ecumenical_pavilion, minmay_gold_behind_fungi,
          serial_park_tiny_1, nicolae_twisty_statue_hallways

Skill      XL: |  1 |
---------------+----+-----
Dodging        | 2 |  2.3
Stealth        | 2 |  2.4
Spellcasting   | |  2.4
Necromancy     | |  4.8

Action                     || total
---------------------------++-------
  Melee: War axe           ||    12
         Dagger            ||     8
   Cast: Necrotise         ||    57
 Armour: Robe              ||    26
  Dodge: Dodged            ||    39
